 Dungeon Crawl Stone Soup version 0.29-a0-664-gff9cad4a3d (webtiles) character file.

Game seed: 3843787311521781403

79 hquester1 the Covered (level 4, -5/40 HPs)
             Began as a Minotaur Fighter on June 22, 2022.
             Killed by divine providence
             ... invoked by an orc priest
              (14 damage)
             ... on level 3 of the Dungeon.
             The game lasted 00:04:16 (1838 turns).

hquester1 the Covered (Minotaur Fighter)            Turns: 1838, Time: 00:04:17

Health: -5/40      AC:  8    Str: 22    XL:     4   Next: 17%
Magic:  3/3        EV: 10    Int:  5    God:
Gold:   106        SH:  4    Dex: 10    Spells: 3/3 levels left

rFire   . . .      SeeInvis .   a - +0 flail
rCold   . . .      Faith    .   c - +0 buckler
rNeg    . . .      Spirit   .   b - +0 scale mail
rPois   .          Reflect  .   (helmet restricted)
rElec   .          Harm     .   (no cloak)
rCorr   .          Rampage  .   (no gloves)
Will    .....                   l - +0 pair of boots
Stlth   ..........              (no amulet)
HPRegen 0.13/turn               (no ring)
MPRegen 0.08/turn               (no ring)

@: no status effects
A: horns 2, retaliatory headbutt
a: no special abilities


You were on level 3 of the Dungeon.
You visited 1 branch of the dungeon, and saw 3 of its levels.

You collected 106 gold pieces.

Inventory:

Hand Weapons
 a - a +0 flail (weapon)
Armour
 b - a +0 scale mail (worn)
 c - a +0 buckler (worn)
 l - a +0 pair of boots (worn)
Jewellery
 n - a ring of wizardry
Scrolls
 e - a scroll of magic mapping {unknown}
 h - 2 scrolls of fog {unknown}
 j - a scroll of torment {unknown}
 m - a scroll of enchant armour {unknown}
 p - a scroll of noise {unknown}
Potions
 d - a potion of might
 f - a potion of brilliance {unknown}
 g - a potion of invisibility {unknown}
 i - a potion of resistance {unknown}
 k - a potion of attraction {unknown}
 o - a potion of lignification {unknown}


   Skills:
 + Level 4.2 Fighting
 + Level 3.2 Maces & Flails
 + Level 4.2 Armour
 + Level 1.6 Dodging
 + Level 4.2 Shields


You had 3 spell levels left.
You didn't know any spells.
Your spell library was empty.

Dungeon Overview and Level Annotations

Branches:
Dungeon (3/15)

Altars:

Shops:
D:1 *


Innate Abilities, Weirdness & Mutations

You have a pair of horns on your head.
You reflexively headbutt those who attack you in melee.


Message History

The orc shouts!
Your headbutt misses the orc. The orc barely misses you.
You closely miss the orc. You headbutt the orc.
The orc is severely wounded.
The orc priest looks braver for a moment.
The orc priest calls down the wrath of Beogh upon you.
Pain shoots through your body! You block the orc's attack.
The orc attacks as you move away! The orc hits you with a +0 hand axe.
The orc attacks as you move away! You block the orc's attack.
The orc priest calls down the wrath of Beogh upon you.
Beogh smites you!
You barely miss the orc.
The orc is severely wounded.
You block the orc's attack.
You hit the orc.
You kill the orc!
The orc priest invokes the aid of Beogh against you.
Beogh smites you!
* * * LOW HITPOINT WARNING * * *
You sock the orc priest! Your headbutt misses the orc priest.
The orc priest is heavily wounded.
The orc priest hits you but does no damage.
You closely miss the orc priest.
The orc priest is heavily wounded.
A dart slug comes into view.
The orc priest closely misses you.
You closely miss the orc priest.
The orc priest is heavily wounded.
The orc priest casts a cantrip, but nothing happens.
The orc priest hits you with a +0 club.
* * * LOW HITPOINT WARNING * * *
You closely miss the orc priest. Your headbutt misses the orc priest.
The orc priest is heavily wounded.
You block the orc priest's attack. x2
You closely miss the orc priest.
You headbutt the orc priest, but do no damage.
The orc priest is heavily wounded.
The orc priest mumbles some strange prayers to Beogh against you.
Beogh smites you!
You die...

+###...).#
.........#
.........#
.........#
##+#...).#
##.#####.### ###
.......)..+
.....#####.####.###
......).w.o.o@..<†#
.........#.o###.###
.........##.# #.#
.........##.# #.#
.........##.# #.#
............. ...
..........##. #.#
..........# .##.#
..


You could see 2 orc priests, a dart slug and an orc.

Vanquished Creatures
  3 adders
  2 orcs (D:3)
  5 endoplasms
  A giant cockroach (D:1)
  8 goblins
  2 hobgoblins (D:1)
  4 jackals (D:1)
  A quokka (D:2)
  3 ball pythons
  7 bats
  5 frilled lizards
  4 kobolds
  4 rats (D:1)
49 creatures vanquished.

Notes
Turn   | Place    | Note
-------+----------+-------------------------------------------
     0 | D:1      | hquester1 the Minotaur Fighter began the quest for the Orb.
     0 | D:1      | Reached XP level 1. HP: 19/19 MP: 0/0
    94 | D:1      | Reached XP level 2. HP: 16/27 MP: 1/1
   255 | D:1      | Found Byisadel's General Store.
   655 | D:1      | Found a faded altar of an unknown god.
   761 | D:1      | Reached skill level 1 in Dodging
   867 | D:1      | Reached XP level 3. HP: 33/33 MP: 2/2
  1750 | D:3      | Reached XP level 4. HP: 35/40 MP: 3/3
  1838 | D:3      | Killed from afar by an orc priest

Illustrated notes

Levels and vault maps discovered:
D:1:      dpeg_arrival_rhombi, layout_loops_ring, serial_shops,
          nicolae_diamond_shop, shapermc_ecumenical_altar_hornbeckon,
          st_stairs_13
D:2:      layout_basic
D:3:      layout_basic, overflow_temple_1_default, mainiacjoe_overflow_brackets,
          mainiacjoe_overflow_small_starburst, st_stairs_10,
          chequers_serial_rivers_small_3, nrook_loot_triangle,
          kennysheep_generic_room_10

Skill      XL: |  1  2  3 |
---------------+----------+-----
Fighting       | 4 |  4.2
Dodging        | 1 |  1.6
Shields        | 4 |  4.2
Armour         | 4 |  4.2
Maces & Flails | 3 |  3.2

Action                   |  1- 3 |  4- 6 || total
-------------------------+-------+-------++-------
Melee: Flail             |   111 |    22 ||   133
       Headbutt          |     7 |     4 ||    11
Armor: Scale mail        |    75 |    14 ||    89
Dodge: Dodged            |    71 |     4 ||    75
Block: Buckler           |    30 |     8 ||    38

Table legend: (Time is in decaauts)
 A = Elapsed time spent in this place.
 B = Non-inter-level travel time spent in this place.
 C = Inter-level travel time spent in this place.
 D = Time resting spent in this place.
 E = Time spent auto-exploring this place.
 F = Levels seen in this place.
 G = Mean time per level.
                   A        B        C        D        E       F      G
               +--------+--------+--------+--------+--------+-----+--------+
         Total |   1882 |   1853 |     29 |    209 |   1271 |   3 |  627.3 |
       Dungeon |   1882 |   1853 |     29 |    209 |   1271 |   3 |  627.3 |
               +--------+--------+--------+--------+--------+-----+--------+

Top non-repeatable levels by time:
     D:1: 1118 daAuts
     D:2: 664 daAuts
     D:3: 99 daAuts
